 Dungeon Crawl Stone Soup version 0.25.1-2-g60ff931df9 (webtiles) character file.

Game seed: 4520463603008510836

107 lepoulpe303 the Chiller (level 4, 0/30 HPs)
             Began as a Merfolk Ice Elementalist on Aug 6, 2020.
             Killed from afar by an orc wizard (10 damage)
             ... with a magic dart
             ... on level 2 of the Dungeon.
             The game lasted 00:08:53 (2415 turns).

lepoulpe303 the Chiller (Merfolk Ice Elementalist)  Turns: 2415, Time: 00:08:53

Health: 0/30       AC:  2    Str:  8      XL:     4   Next: 86%
Magic:  7/8        EV: 13    Int: 15      God:
Gold:   156        SH:  0    Dex: 10 (14) Spells: 1/8 levels left

rFire    . . .     SeeInvis .   a - +0 short sword
rCold    . . .     Gourm    .   (no shield)
rNeg     . . .     Faith    .   i - +0 robe
rPois    .         Spirit   .   (no helmet)
rElec    .         Reflect  .   (no cloak)
rCorr    .         Harm     .   (no gloves)
MR       .....                  (no boots)
Stlth    ++........             (no amulet)
HPRegen  0.10/turn              (no ring)
MPRegen  0.11/turn              (no ring)

@: slowed, very slow
A: change form in water, swift swim, stealthy swim
a: no special abilities


You were on level 2 of the Dungeon.
You were not hungry.

You visited 1 branch of the dungeon, and saw 3 of its levels.

You collected 156 gold pieces.

Inventory:

Hand Weapons
 a - a +0 short sword (weapon)
 h - a +0 dagger
Missiles
 q - 6 silver javelins (quivered)
 s - 5 curare-tipped darts
Armour
 i - a +0 robe (worn)
 j - a +0 buckler
Jewellery
 m - a cursed amulet of inaccuracy {unknown}
 u - an uncursed amulet of the acrobat {unknown}
Scrolls
 b - a scroll of magic mapping {unknown}
 d - a scroll of enchant armour {unknown}
 f - a scroll of identify {unknown}
 p - a scroll of fear {unknown}
 r - a scroll of remove curse {unknown}
Potions
 c - a potion of magic {unknown}
 g - 2 potions of degeneration {unknown}
 k - a potion of flight {unknown}
 l - a potion of brilliance {unknown}
 n - a potion of invisibility {unknown}
 o - a potion of lignification {unknown}
Comestibles
 e - 2 rations


   Skills:
 + Level 3.4 Dodging
 + Level 2.9 Stealth
 + Level 1.0 Shields
 * Level 2.9 Spellcasting
 + Level 0.4 Charms
 * Level 5.1 Ice Magic


You had one spell level left.
You knew the following spells:

 Your Spells              Type           Power        Failure   Level  Hunger
a - Freeze                Ice            ###.         2%          1    #......
b - Frozen Ramparts       Ice            ###...       7%          3    ###....
A - Ozocubu's Armour      Chrm/Ice       ##......     19%         3    ###....

Your spell library contained the following spells:

 Spells                   Type           Power        Failure   Level  Hunger
 Hailstorm                Conj/Ice       #.......     56%         4    #####..
 Summon Ice Beast         Ice/Summ       #.......     56%         4    #####..


Dungeon Overview and Level Annotations

Branches:
Dungeon (3/15)

Altars:


Message History

The magic dart hits you!
* * * LOW HITPOINT WARNING * * *
You take 7 damage, and have 16/30 hp.
MASSIVE DAMAGE!!
The orc wizard casts a spell at you. The magic dart hits you.
* * * LOW HITPOINT WARNING * * *
You take 1 damage, and have 15/30 hp.
The orc wizard casts a spell at you. The magic dart hits you.
* * * LOW HITPOINT WARNING * * *
You take 5 damage, and have 10/30 hp.
The orc wizard closely misses you.
Aim: an orc wizard, wielding a +0 dagger and wearing a +0 robe (fast)
You freeze the orc wizard.
The orc wizard hits you but does no damage.
The orc wizard closely misses you.
The orc wizard gestures at you while chanting.
The magic dart hits you!
You die...

#...####.###.## #..[
##.## #.###.# #..# #.##
#.....# #..# #..#
#.########..#
##.####...........#
#.......oo<........
#.o###......####..# #.o#
#..###.# #..# #.@# #..#
#.# #.## #..###..###.##
#.# #..##...##.oo###.##
#..##.#..>.........
######..##...##....##.#.
#.........o.####.#.##.#.
#<####..###.####.#.##.#.
#)# #..##...#...#......
#.# #................#.


You could see an orc wizard (fast) and an orc.

Levels and vault maps discovered:
D:1:      lightli_arrival_maybe_door_vault, layout_basic
D:2:      layout_loops_ring, kennysheep_generic_room_12
D:3:      layout_rooms, chequers_temple_overflow_statue_of_worship,
          chequers_arboretum, uniq_grinder

Notes
Turn   | Place    | Note
-------+----------+-------------------------------------------
     0 | D:1      | lepoulpe303 the Merfolk Ice Elementalist began the quest
                  | for the Orb.
     0 | D:1      | Reached XP level 1. HP: 13/13 MP: 3/3
    99 | D:1      | Identified a +0 short sword
   131 | D:1      | Identified a +0 flail
   136 | D:1      | Identified a +0 dagger
   144 | D:1      | Reached XP level 2. HP: 19/19 MP: 1/5
   183 | D:1      | Reached skill level 3 in Dodging
   186 | D:1      | Identified a +0 dagger
   387 | D:1      | Reached XP level 3. HP: 19/24 MP: 3/6
   392 | D:1      | Learned a level 3 spell: Frozen Ramparts
   468 | D:1      | Identified a +0 club
   688 | D:2      | Identified a +0 club
   688 | D:2      | Identified a +0 club
  1182 | D:2      | Reached XP level 4. HP: 23/30 MP: 4/8
  1190 | D:2      | Learned a level 3 spell: Ozocubu's Armour
  1200 | D:2      | Identified a +0 club
  1334 | D:2      | Identified a +0 club
  1335 | D:2      | Identified a +0 dagger
  1451 | D:2      | Reached skill level 5 in Ice Magic
  1692 | D:2      | Reached skill level 1 in Shields
  2039 | D:3      | Identified a +0 dagger
  2039 | D:3      | Identified a +0 leather armour
  2039 | D:3      | Identified a +2 whip of flaming
  2039 | D:3      | Identified a +0 leather armour
  2039 | D:3      | Identified a +0 mace
  2039 | D:3      | Identified a +0 dagger
  2039 | D:3      | Identified a +0 robe
  2415 | D:2      | Killed from afar by an orc wizard

Table legend:
 A = Turns spent in this place as a percentage of turns spent in the entire game.
 B = Non-inter-level travel turns spent in this place as a percentage of non-inter-level travel turns spent in the entire game.
 C = Inter-level travel turns spent in this place as a percentage of turns spent in this place.
 D = Turns resting spent in this place as a percentage of non-inter-level travel turns spent in this place.
 E = Turns spent auto-exploring this place as a percentage of non-inter-level travel turns spent in this place.
 F = Non-inter-level travel turns spent in this place divided by the number of levels of this place that you've seen.
                   A       B       C       D       E      F
               +-------+-------+-------+-------+-------+----------------------
         Total | 100.0 | 100.0 |   1.8 |  43.1 |  35.9 | 790.3
       Dungeon | 100.0 | 100.0 |   1.8 |  43.1 |  35.9 | 790.3
               +-------+-------+-------+-------+-------+----------------------

Table legend:
 A = Kills in this place as a percentage of kills in entire the game.
 B = Kills by you in this place as a percentage of kills by you in the entire game.
 C = Kills by friends in this place as a percentage of kills by friends in the entire game.
 D = Other kills in this place as a percentage of other kills in the entire game.
 E = Experience gained in this place as a percentage of experience gained in the entire game.
 F = Experience gained in this place divided by the number of levels of this place that you have seen.
                   A       B       C       D       E      F
               +-------+-------+-------+-------+-------+----------------------
         Total | 100.0 | 100.0 |   N/A |   N/A | 100.0 |  51.3
       Dungeon | 100.0 | 100.0 |   N/A |   N/A | 100.0 |  51.3
               +-------+-------+-------+-------+-------+----------------------

Skill      XL: |  1  2  3  4 |
---------------+-------------+-----
Dodging        | 3 |  3.4
Ice Magic      | 5 |  5.1
Shields        | 1 |  1.0
Stealth        | |  2.9
Spellcasting   | |  2.9
Charms         | |  0.4

Action                   |  1- 3 |  4- 6 || total
-------------------------+-------+-------++-------
Melee: Short sword       |    64 |    27 ||    91
       Dagger            |     4 |       ||     4
Throw: Javelin           |       |     3 ||     3
 Cast: Freeze            |    19 |    16 ||    35
       Frozen Ramparts   |       |     3 ||     3
 Stab: Sleeping          |     1 |     1 ||     2
  Eat: Chunk             |     1 |     4 ||     5
Armor: Robe              |    12 |    16 ||    28
Dodge: Dodged            |    65 |    56 ||   121

Vanquished Creatures
  A quasit (D:2)
  2 adders (D:2)
  A gnoll (D:1)
  A worm (D:2)
  2 dart slugs
  3 orcs (D:2)
  6 bats
  A giant cockroach (D:1)
  3 goblins (D:2)
  5 hobgoblins
  2 jackals (D:2)
  2 frilled lizards (D:1)
  6 kobolds (D:1)
  8 rats
43 creatures vanquished.
